 Dungeon Crawl Stone Soup version 0.31-a0-845-g9abc20d24f (webtiles) character file.

Game seed: 16632701738310251620

91 BinkBink the Trooper (level 4, 0/37 HPs)
             Began as a Demonspawn Chaos Knight on Oct 2, 2023.
             Was a Plaything of Xom.
             Succumbed to a water moccasin's poison
             ... on level 4 of the Dungeon.
             The game lasted 00:03:21 (2727 turns).

BinkBink the Trooper (Demonspawn Chaos Knight)      Turns: 2727, Time: 00:03:21

Health: 0/37       AC:  5    Str: 18    XL:     4   Next: 33%
Magic:  4/4        EV: 12    Int: 13    God:    Xom [*.....]
Gold:   173        SH:  4    Dex: 15    Spells: 0/3 levels left

rFire   . . .        a - +0 hand axe (chaos)
rCold   . . .        (no shield)
rNeg    . . .        b - +2 leather armour
rPois   .            (no helmet)
rElec   .            j - scarf of Keck {repulsion, Str+3 Dex+3 Slay+4}
rCorr   .            (no gloves)
SInv    .            (no boots)
Will    .....        (no amulet)
Stlth   +            (no ring)
HPRegen 0.26/turn    (no ring)
MPRegen 0.09/turn

%: repel missiles
@: lethally poisoned (0 -> -16)
A: claws 1, demonic magic 1, large bone plates 1
a: Renounce Religion


You were on level 4 of the Dungeon.
You worshipped Xom.
You were a special plaything of Xom.
You visited 1 branch of the dungeon, and saw 4 of its levels.

You collected 173 gold pieces.

Inventory:

Hand Weapons
 a - a +0 hand axe of chaos (weapon)
Armour
 b - a +2 leather armour (worn)
 j - the scarf of Keck (worn) {repulsion, Str+3 Dex+3 Slay+4}
   (You found it on level 2 of the Dungeon)

   Str+3:     It affects your strength (+3).
   Dex+3:     It affects your dexterity (+3).
   Slay+4:    It affects your accuracy & damage with ranged weapons and melee
   (+4).
Jewellery
 d - a ring of fire
Scrolls
 c - a scroll of butterflies
 e - 2 scrolls of revelation {unknown}
 f - a scroll of teleportation {unknown}
 g - 3 scrolls of blinking {unknown}
 i - 7 scrolls of identify {unknown}
 m - a scroll of vulnerability {unknown}
 o - a scroll of torment {unknown}
 q - a scroll of brand weapon {unknown}
 r - 4 scrolls of poison {unknown}
Potions
 l - a potion of haste
 p - a potion of lignification


   Skills:
 + Level 3.7 Fighting
 + Level 3.2 Axes
 + Level 2.6 Armour
 + Level 1.9 Dodging


You couldn't memorise any spells.
You knew the following spells:

 Your Spells              Type           Power      Damage    Failure   Level
a - Swiftness             Air            0%         N/A       73%         3

Your spell library contained the following spells:

 Spells                   Type           Power      Damage    Failure   Level
 Shock                    Conj/Air       0%         1d3       36%         1
 Summon Small Mammal      Summ           0%         N/A       36%         1
 Call Canine Familiar     Summ           0%         N/A       73%         3
 Summon Guardian Golem    Hex/Summ       0%         N/A       73%         3
 Airstrike                Air            0%         2d(0-16)  98%         4


Dungeon Overview and Level Annotations

Branches:
Dungeon (4/15)
 Temple: D:4-7

Altars:
Xom


Innate Abilities, Weirdness & Mutations

You have sharp fingernails.
Spells you cast may paralyse adjacent enemies.
You are partially covered in large bone plates. (SH +4)


Message History

The water moccasin bites you but does no damage.
The water moccasin misses you.
You slash the water moccasin!
The water moccasin is poisoned.
The water moccasin is moderately wounded.
The water moccasin bites you!
You barely miss the water moccasin.
The water moccasin is moderately wounded.
The water moccasin barely misses you. The water moccasin closely misses you.
You barely miss the water moccasin.
The water moccasin is moderately wounded.
The water moccasin completely misses you.
You slash the water moccasin!
The water moccasin is severely wounded.
The water moccasin bites you. x2
You are poisoned.
The water moccasin poisons you!
You closely miss the water moccasin.
The water moccasin is severely wounded.
You feel very sick. The water moccasin bites you.
You are lethally poisoned!
The water moccasin poisons you!
You are too injured to fight recklessly!
You are too injured to fight recklessly!
You are too injured to fight recklessly!
You hit the water moccasin.
The water moccasin seems to speed up.
Xom is amused.
The water moccasin is almost dead.
* * * LOW HITPOINT WARNING * * *
You feel extremely sick.
The water moccasin misses you. x2; You block the water moccasin's attack.
You barely miss the water moccasin.
The water moccasin is almost dead.
* * * LOW HITPOINT WARNING * * *
You feel very sick. The water moccasin barely misses you.
The water moccasin misses you.
You completely miss the water moccasin.
The water moccasin is almost dead.
You die...
Xom snickers!

.....##...>........
.............######
.........##..#
.............#
....##...##### ...
#..## . #..###
#.####....###
#.....@.....#
#..###S...#.# #
#....# # #....#
....... .###.#.# .
>..# #. .#.#


You could see a water moccasin (fast, very poisoned).

Vanquished Creatures
  A gnoll (D:1)
  2 adders
  A worm (D:3)
  6 endoplasms
  6 giant cockroaches
  9 hobgoblins
  2 quokkas
  6 ball pythons
  7 bats
  4 frilled lizards
  7 kobolds
  3 rats
54 creatures vanquished.

Vanquished Creatures (collateral kills)
  A ball python (D:2)
1 creature vanquished.

Grand Total: 55 creatures vanquished

Notes
Turn   | Place    | Note
-------+----------+-------------------------------------------
     0 | D:1      | BinkBink the Demonspawn Chaos Knight began the quest for
                  | the Orb.
     0 | D:1      | Reached XP level 1. HP: 18/18 MP: 1/1
    18 | D:1      | XOM: silly message
    33 | D:1      | Reached skill level 1 in Dodging
   238 | D:1      | XOM: silly message
   408 | D:1      | Gained mutation: Spells you cast may paralyse adjacent
                  | enemies. [demonic ancestry]
   408 | D:1      | Reached XP level 2. HP: 22/24 MP: 2/2
   552 | D:1      | XOM: give mutation
   552 | D:1      | Gained mutation: You are partially covered in large bone
                  | plates. (SH +4) [Xom's grace]
   789 | D:1      | Reached XP level 3. HP: 29/29 MP: 3/3
   880 | D:1      | XOM: stat loss: -1 Int (12/13)
  1025 | D:1      | XOM: divination: detect items
  1136 | D:2      | XOM: silly message
  1150 | D:2      | Identified the scarf of Keck {repulsion, Str+3 Dex+3
                  | Slay+4}
  1902 | D:2      | XOM: scenery: create altars
  2245 | D:3      | Gained mutation: You have sharp fingernails. [demonic
                  | ancestry]
  2245 | D:3      | Reached XP level 4. HP: 36/36 MP: 4/4
  2613 | D:4      | Learned a level 3 spell: Swiftness
  2716 | D:4      | Noticed a water moccasin
  2727 | D:4      | Succumbed to a water moccasin's poison

Illustrated notes

Levels and vault maps discovered:
D:1:      amcnicky_arrival_choice, layout_basic
D:2:      layout_basic
D:3:      layout_loops_cross
D:4:      kennysheep_six_static_rooms, layout_loops_ring, grunt_decor_junction

Skill      XL: |  1  2 |
---------------+-------+-----
Dodging        | 1 |  1.9
Armour         | 2 |  2.6
Axes           | 3 |  3.2
Fighting       | |  3.7

Action                     |  1- 3 |  4- 6 || total
---------------------------+-------+-------++-------
  Melee: Hand axe          |   105 |    28 ||   133
         Punch             |     1 |       ||     1
    Use: Potion            |       |     5 ||     5
 Armour: Leather armour    |    56 |    12 ||    68
         Skin              |       |     8 ||     8
  Dodge: Dodged            |    42 |    15 ||    57
         Repelled          |     1 |       ||     1
  Block: Other             |     7 |     3 ||    10

Table legend: (Time is in decaauts)
 A = Elapsed time spent in this place.
 B = Non-inter-level travel time spent in this place.
 C = Inter-level travel time spent in this place.
 D = Time resting spent in this place.
 E = Time spent auto-exploring this place.
 F = Levels seen in this place.
 G = Mean time per level.
                   A        B        C        D        E       F      G
               +--------+--------+--------+--------+--------+-----+--------+
         Total |   2727 |   2631 |     96 |     10 |   2248 |   4 |  681.8 |
       Dungeon |   2727 |   2631 |     96 |     10 |   2248 |   4 |  681.8 |
               +--------+--------+--------+--------+--------+-----+--------+

Top non-repeatable levels by time:
     D:1: 1065 daAuts
     D:2: 854 daAuts
     D:3: 696 daAuts
     D:4: 110 daAuts
